 Dungeon Crawl Stone Soup version 0.19.0-19-g8c6edcc (console) character file.

86 sorlin the Slasher (level 4, -1/39 HPs)
             Began as a Minotaur Abyssal Knight on Nov 14, 2016.
             Was a Follower of Lugonu.
             Killed from afar by Natasha (7 damage)
             ... with a magic dart
             ... on level 2 of the Dungeon.
             The game lasted 00:04:50 (1257 turns).

sorlin the Slasher (Minotaur Abyssal Knight)        Turns: 1257, Time: 00:04:51

Health: -1/39      AC:  3    Str: 17    XL:     4   Next: 26%
Magic:  5/5        EV: 11    Int:  9    God:    Lugonu [*.....]
Gold:   24         SH:  0    Dex: 10    Spells: 0 memorised, 3 levels left

rFire  . . .     SeeInvis .     a - +1 falchion
rCold  . . .     Gourm    .     b - +0 leather armour
rNeg   . . .     Faith    .     (no shield)
rPois  .         Spirit   .     (helmet restricted)
rElec  .         Reflect  .     (no cloak)
rCorr  .         Harm     .     (no gloves)
MR     .....                    (no boots)
Stlth  +.........               (no amulet)
                                (no ring)
                                (no ring)

@: no status effects
A: retaliatory headbutt, horns 2
a: Depart the Abyss, Renounce Religion


You were on level 2 of the Dungeon.
You worshipped Lugonu.
Lugonu was aware of your devotion.
You were not hungry.

You visited 1 branch of the dungeon, and saw 2 of its levels.
You visited the Abyss 1 time.

You collected 24 gold pieces.


Innate Abilities, Weirdness & Mutations

You reflexively headbutt those who attack you in melee.
You have a pair of horns on your head.


   Skills:
 - Level 3.6 Fighting
 + Level 4.9 Long Blades
 - Level 2.4 Armour
 - Level 1.1 Dodging
 + Level 2.7 Invocations


You had 3 spell levels left.
You didn't know any spells.

Inventory:

Hand Weapons
 a - a +1 falchion (weapon)
Missiles
 h - 30 stones
 k - a tomahawk (quivered)
 n - 4 needles of sleeping
 o - 6 javelins
Armour
 b - a +0 leather armour (worn)
 r - a +0 scale mail
Scrolls
 f - a scroll of amnesia {unknown}
 i - a scroll of recharging {unknown}
 p - a scroll of immolation {unknown}
Potions
 d - a potion of flight {unknown}
 e - a potion of might {unknown}
 j - a potion of curing {unknown}
 l - a potion of degeneration {unknown}
 q - a potion of cancellation {unknown}
Comestibles
 c - 2 bread rations {!e}
 g - 4 chunks of flesh
 m - 2 meat rations {!e}


Message History

The ball python bites you but does no damage.
* * * LOW HITPOINT WARNING * * *
The ball python constricts you.
You take 1 damage.
You barely miss the ball python. You headbutt the ball python.
You kill the ball python!
Lugonu accepts your kill.
You see here a ball python corpse.
You butcher the ball python corpse.
g - 3 chunks of flesh (gained 2)
You see here a ball python skeleton.
You see here the felid corpse of Natasha.
You butcher the felid corpse of Natasha.
g - 5 chunks of flesh (gained 2)
You start resting.
Magic restored.
There is a stone staircase leading up, spattered with blood here.
k - a tomahawk
There is a stone staircase leading down here.
Found a sparkling altar of Nemelex Xobeh.
k - 2 tomahawks (gained 1)
You start resting.
Natasha, Servant of Life and Death appears from thin air!
Natasha is nearby!
Throwing (i - inventory. (,) - cycle):
k - 2 tomahawks (quivered)
Aim: Natasha (hasn't noticed you)
You throw a tomahawk.
Natasha hisses angrily.
The tomahawk hits Natasha.
Natasha is lightly wounded.
You hit Natasha. You headbutt Natasha.
Natasha is severely wounded.
Natasha claws you.
* * * LOW HITPOINT WARNING * * *
You take 3 damage.
You barely miss Natasha.
Natasha is severely wounded.
Natasha stares at you and mumbles some strange words.
The magic dart hits you!
* * * LOW HITPOINT WARNING * * *
You take 4 damage.
You closely miss Natasha.
Natasha is severely wounded.
Natasha casts a spell at you. You resist with some effort.
You closely miss Natasha.
Natasha is severely wounded.
Natasha stares at you and mumbles some strange words.
The magic dart hits you!
You die...

....# #...# .#
#...#
...#####...# ..
.⌠.........###...
_..............#
.⌠.....h.......#
.......@>.#
.....###.##
#....###.##
#.......÷<#
#...###.....# #.
#..#### #. ..
.... #. .###..##
#. .###..# #. ..
.... #.#.###...


You could see Natasha.

Vanquished Creatures
  Ijyb (D:1)
  Natasha (D:2)
  3 dart slugs (D:1)
  A giant cockroach (D:1)
  6 goblins (D:1)
  6 hobgoblins (D:1)
  3 kobolds (D:1)
  2 ball pythons
  3 bats (D:1)
  A frilled lizard (D:1)
  2 rats (D:1)
29 creatures vanquished.

Notes
Turn   | Place    | Note
-------+----------+-------------------------------------------
     0 | Abyss:1  | sorlin the Minotaur Abyssal Knight began the quest for the Orb.
     0 | Abyss:1  | Reached XP level 1. HP: 19/19 MP: 1/1
    67 | Abyss:1  | Noticed a smoke demon
    73 | D:1      | Escaped the Abyss
    80 | D:1      | HP: 2/19 [hobgoblin (4)]
    88 | D:1      | HP: 3/28 [hobgoblin (1)]
   102 | D:1      | Reached skill level 3 in Long Blades
   113 | D:1      | HP: 1/19 [dart slug (2)]
   114 | D:1      | Reached XP level 2. HP: 1/26 MP: 2/2
   269 | D:1      | Reached * piety under Lugonu
   634 | D:1      | Reached skill level 4 in Long Blades
   792 | D:1      | Reached XP level 3. HP: 29/31 MP: 3/3
  1178 | D:2      | Noticed Ijyb
  1193 | D:1      | Killed Ijyb
  1193 | D:1      | Reached skill level 2 in Invocations
  1202 | D:2      | Noticed Natasha
  1210 | D:2      | HP: 9/31 [Natasha (3)]
  1212 | D:2      | Killed Natasha
  1212 | D:2      | Reached XP level 4. HP: 8/39 MP: 4/4
  1232 | D:2      | Found a sparkling altar of Nemelex Xobeh.
  1253 | D:2      | Noticed Natasha
  1254 | D:2      | HP: 10/39 [Natasha (3)]
  1257 | D:2      | Killed from afar by Natasha

Vault maps used:
D:1:      co_arrival_square_in_a_square_in_a_square, minmay_misc_feat_iff
D:2:      nemelex_xobeh_ov_fountains_minmay, uniq_natasha, uniq_iyjb

Action                   |  1- 3 |  4- 6 || total
-------------------------+-------+-------++-------
Melee: Falchion          |    74 |     6 ||    80
       Headbutt          |     8 |     2 ||    10
Throw: Tomahawk          |     4 |     1 ||     5
Invok: Depart the Abyss  |     1 |       ||     1
  Use: Potion            |     1 |       ||     1
  Eat: Royal jelly       |     1 |       ||     1
       Beef jerky        |     1 |       ||     1
Armor: Skin              |    21 |       ||    21
       Leather armour    |     9 |     1 ||    10
Dodge: Dodged            |    33 |     1 ||    34
       Rpst.: Falchion   |     5 |       ||     5
